AoeStats
← my_dad

Arabian Desert

510357411Analyzed
1v1 RM · 12h ago on Sep 30, 2026· 47m 13s· 2 players
Game mode
Random Map
Map size
Tiny (2 player)
Population
200
Speed
Normal
Resources
Standard
Victory
Conquest
Starting age
Dark Age
Ending age
Imperial Age
RankedLock teamsTeams togetherTeam positionsShared explorationLock speedFull tech treeHidden civsTurbo modeCheats
Victory
Defeat
🇨🇭 Khmer · Switzerland
1388
+16
🇩🇪 Mongols · Germany
1389
-16
Pret1
7:10 Loom
9:33 Feudal Age
10:38 Double-Bit Axe
22:03 Castle Age
20:44 Bloodlines
22:12 Light Cavalry
23:57 Forging
26:44 Iron Casting
27:01 Scale Barding Armor
28:27 Husbandry
30:24 Chain Barding Armor
43:34 Wheelbarrow
my_dad
7:56 Feudal Age
10:14 Double-Bit Axe
13:47 Forging
22:44 Castle Age
21:35 Bloodlines
22:08 Scale Barding Armor
22:03 Horse Collar
22:14 Gold Mining
22:57 Light Cavalry
25:12 Loom
26:04 Wheelbarrow
25:14 Town Watch
26:32 Bow Saw
28:25 Hand Cart
28:12 Heavy Plow
28:43 Pikeman
30:04 Scale Mail Armor
44:28 Chain Mail Armor
45:47 Fletching
Connection lost

Rejoining the realm…

Still unreachable

The connection could not be restored.

Session expired

The server has moved on; the page needs a fresh start.